Map: Nightshade LE

Players

Reynor - Winner!

  • Race: Zerg Zerg
  • Spawn Location: 11:00

INnoVation

  • Race: Terran Terran
  • Spawn Location: 5:00

Event: Shopify TSL 5

VOD

Have the link to the VOD?

Description

Time

  • Played on: May 31, 2020, 10:13 a.m.
  • Length: 13:13

All games in this series

Show
View Real Time Build Order
Export as new Build Order

Reynor Zerg - Winner!

Build Orders: Hatch First, Lurkers 

Get SALT Encoding   

  12  0:00  Drone  
  13  0:13  Overlord  
  13  0:17  Drone  
  14  0:31  Drone x2  
  16  0:47  Hatchery  
  15  0:51  Drone  
  15  0:55  Drone  
  17  0:57  Drone  
  18  1:09  Extractor  
  17  1:13  Spawning Pool  
  17  1:16  Drone  
  17  1:19  Drone  
  18  1:28  Drone  
  19  1:39  Drone  
  20  1:50  Overlord  
  20  2:00  Zergling x4  
  20  2:01  Queen x2  
  26  2:10  Drone  
  26  2:11  Drone  
  28  2:21  Drone  
  28  2:22  Drone  
  30  2:28  Hatchery  
  29  2:34  Metabolic Boost  
  29  2:36  Drone  
  30  2:37  Drone  
  31  2:44  Queen  
  31  2:50  Overlord  
  33  2:52  Drone  
  33  2:54  Drone  
  33  2:57  Drone  
  36  3:10  Drone x3  
  36  3:11  Overlord  
  39  3:13  Zergling x2  
  39  3:15  Queen  
  39  3:18  Drone  
  43  3:21  Zergling x2  
  44  3:29  Queen, Drone  
  44  3:30  Drone  
  48  3:36  Drone, Baneling Nest  
  48  3:41  Drone  
  48  3:42  Drone  
  48  3:44  Queen  
  48  3:48  Zergling x2  
  53  3:50  Zergling x2  
  53  3:53  Zergling x2  
  55  3:56  Zergling x6  
  55  3:59  Overlord  
  58  4:04  Overlord  
  58  4:13  Overlord  
  58  4:18  Drone x3  
  58  4:20  Drone  
  58  4:22  Lair  
  58  4:24  Drone x2, Extractor  
  61  4:28  Drone  
  61  4:29  Drone x2  
  61  4:31  Queen  
  66  4:34  Drone x2  
  66  4:38  Drone  
  70  4:41  Zergling x2  
  70  4:43  Drone  
  72  4:46  Drone  
  72  4:49  Overlord  
  73  4:53  Spore Crawler  
  73  4:55  Overlord  
  73  4:58  Drone  
  73  5:01  Overlord  
  73  5:05  Overlord  
  73  5:09  Drone x5  
  73  5:10  Drone x3  
  81  5:17  Drone  
  81  5:21  Drone x2  
  83  5:22  Drone  
  83  5:24  Drone x2  
  83  5:26  Centrifical Hooks  
  83  5:27  Hatchery  
  84  5:28  Extractor  
  84  5:29  Extractor  
  84  5:32  Evolution Chamber  
  84  5:33  Evolution Chamber  
  84  5:35  Drone x4  
  84  5:38  Drone x2  
  84  5:39  Drone x2  
  85  5:51  Zergling x14  
  85  5:56  Zergling x8  
  96  5:58  Zerg Ground Armor Level 1  
  96  5:59  Zerg Melee Weapons Level 1  
  96  6:00  Zergling x2  
  96  6:01  Overlord  
  96  6:03  Overlord  
  97  6:06  Zergling x4  
  97  6:10  Zergling x2  
  97  6:11  Zergling x2  
  101  6:15  Baneling x2  
  101  6:16  Baneling x3  
  101  6:19  Overlord  
  101  6:20  Zergling x8  
  101  6:24  Baneling x4  
  101  6:25  Zergling x8  
  108  6:29  Zergling x4  
  108  6:31  Zergling x4  
  113  6:35  Overlord  
  113  6:39  Zergling x2  
  114  6:40  Zergling x4  
  114  6:41  Zergling x2  
  114  6:45  Zergling x2  
  116  6:49  Pneumatized Carapace  
  116  6:50  Zergling x4  
  116  6:51  Zergling x2  
  106  6:55  Drone  
  106  6:58  Drone x3  
  106  6:59  Drone  
  106  7:00  Drone x5  
  115  7:04  Drone  
  115  7:05  Spawning Pool, Drone x2  
  116  7:10  Zergling x2  
  116  7:11  Drone  
  114  7:20  Queen  
  114  7:21  Zergling x2  
  114  7:22  Zergling x4  
  119  7:23  Zergling x2  
  119  7:25  Zergling x4  
  119  7:27  Infestation Pit, Baneling x4  
  119  7:28  Drone x4  
  119  7:29  Hatchery  
  126  7:30  Drone x4, Extractor  
  126  7:31  Drone  
  126  7:33  Zergling x2, Hydralisk Den, Extractor  
  126  7:34  Zergling x2  
  128  7:41  Zergling x4  
  128  7:42  Overlord  
  128  7:44  Baneling x5  
  130  7:45  Zergling x2  
  131  7:51  Zergling x2  
  131  7:52  Zergling x2  
  131  7:54  Zerg Ground Armor Level 2, Zerg Melee Weapons Level 2  
  131  7:58  Overlord  
  133  8:00  Drone  
  133  8:01  Drone  
  133  8:04  Drone  
  133  8:05  Drone  
  137  8:06  Lurker Den  
  137  8:08  Spore Crawler  
  137  8:12  Hive  
  135  8:13  Zergling x16  
  135  8:14  Overlord  
  141  8:24  Hydralisk x5  
  151  8:33  Drone x8  
  159  8:35  Extractor  
  159  8:36  Zergling x6, Extractor  
  159  8:38  Overlord  
  159  8:43  Zergling x6  
  159  8:46  Zergling x4  
  164  8:51  Zergling x2  
  164  8:53  Drone  
  166  9:00  Overlord  
  166  9:02  Overseer, Baneling x4  
  166  9:07  Zergling x18, Hatchery  
  166  9:08  Overlord  
  170  9:11  Overseer  
  170  9:14  Lurker x2  
  170  9:15  Lurker x2  
  170  9:16  Overlord  
  174  9:19  Overlord  
  173  9:25  Spore Crawler, Drone  
  173  9:26  Spine Crawler  
  173  9:27  Zergling x16, Spine Crawler  
  173  9:29  Lurker  
  173  9:30  Seismic Spines  
  180  9:32  Overlord  
  180  9:34  Baneling x8  
  180  9:41  Zergling x22  
  186  9:53  Zergling x2  
  186  9:54  Zergling x22  
  186  9:56  Hydralisk  
  186  9:57  Zergling x2  
  180  10:06  Hydralisk  
  178  10:07  Zergling x10  
  178  10:08  Spawning Pool  
  178  10:09  Baneling x2  
  178  10:10  Zergling x2  
  178  10:12  Zergling x6  
  178  10:14  Zergling x2  
  185  10:15  Zerg Melee Weapons Level 3, Zerg Ground Armor Level 3  
  185  10:20  Hydralisk  
  185  10:21  Hydralisk x4  
  187  10:22  Lurker  
  187  10:27  Adaptive Talons, Overseer  
  195  10:33  Drone x5  
  195  10:35  Extractor  
  199  10:36  Extractor, Spire  
  165  10:58  Zergling x44  
  165  11:04  Zergling x2, Hydralisk  
  167  11:09  Zergling x2  
  167  11:10  Zergling x4  
  164  11:13  Queen  
  164  11:14  Zergling x4  
  164  11:18  Zergling x8, Hydralisk  
  162  11:20  Zergling x4, Hydralisk  
  162  11:24  Zergling x2  
  170  11:27  Zergling x4  
  170  11:30  Queen  
  169  11:33  Viper x2  
  169  11:35  Lurker  
  169  11:36  Drone x2, Lurker x3  
  169  11:37  Drone x3  
  184  11:40  Queen  
  186  11:49  Baneling x7  
  186  11:50  Zergling x14  
  193  12:00  Corruptor  
  193  12:01  Corruptor x4  
  194  12:11  Corruptor x4  
  194  12:12  Corruptor  
  192  12:18  Hydralisk  
  192  12:19  Zergling x18  
  192  12:20  Zergling x4  
  193  12:27  Zergling x2, Hydralisk  
  193  12:28  Zergling x10  
  185  12:42  Lurker x2  
  185  12:44  Drone x3  
  189  12:45  Drone  
  189  12:47  Hydralisk  
  189  12:48  Zergling x12  
  195  12:58  Hatchery  
Show
View Real Time Build Order
Export as new Build Order

INnoVation Terran 

Build Orders: Reaper Expand 

Get SALT Encoding   

  12  0:00  SCV  
  13  0:13  SCV  
  14  0:17  Supply Depot  
  14  0:25  SCV  
  15  0:38  SCV  
  15  0:40  Barracks  
  16  0:43  Refinery  
  16  0:50  SCV  
  17  1:03  SCV  
  18  1:15  SCV  
  19  1:27  Reaper, Orbital Command  
  20  1:39  Command Center  
  20  1:51  Supply Depot  
  20  1:53  SCV  
  21  1:59  Marine  
  22  2:05  SCV  
  23  2:14  Factory  
  23  2:17  SCV, Marine  
  25  2:29  SCV  
  26  2:35  Barracks Reactor  
  26  2:41  SCV  
  26  2:43  Command Center  
  27  2:50  Orbital Command  
  27  2:54  SCV  
  28  3:03  Starport  
  28  3:06  Refinery  
  28  3:08  SCV  
  29  3:15  Hellion  
  29  3:17  SCV  
  32  3:20  SCV  
  32  3:22  Hellion  
  35  3:29  SCV  
  35  3:32  SCV  
  35  3:34  Barracks Tech Lab  
  37  3:39  Viking  
  39  3:42  SCV  
  39  3:43  Hellion  
  39  3:44  SCV  
  39  3:46  Hellion  
  45  3:54  Stimpack  
  45  3:55  Orbital Command  
  45  3:58  SCV x2  
  47  4:04  Supply Depot  
  47  4:09  Starport Reactor  
  47  4:10  SCV x2  
  49  4:18  Barracks  
  49  4:19  Barracks  
  49  4:20  Factory Tech Lab  
  49  4:22  SCV x3  
  52  4:26  Supply Depot  
  52  4:30  Marine  
  53  4:34  SCV x3  
  56  4:39  Engineering Bay  
  56  4:42  Engineering Bay  
  56  4:47  Refinery  
  56  4:48  SCV x2  
  56  4:50  Refinery, Marine  
  59  4:55  Supply Depot  
  59  4:57  Starport Reactor  
  59  4:59  Orbital Command  
  59  5:00  SCV x2  
  59  5:05  Terran Infantry Weapons Level 1  
  61  5:10  Marine x2  
  61  5:11  Marine  
  61  5:12  SCV x2  
  66  5:17  Supply Depot  
  66  5:20  Marine  
  66  5:21  Marine  
  68  5:24  SCV x2  
  68  5:27  Siege Tank  
  68  5:28  Marine x2, Barracks  
  68  5:29  Marine  
  68  5:34  Barracks  
  71  5:38  Medivac x2  
  71  5:39  SCV x2  
  71  5:40  SCV  
  78  5:42  Combat Shield  
  78  5:45  Marine x2  
  78  5:47  Supply Depot  
  78  5:49  Terran Infantry Armor Level 1  
  80  5:52  SCV x3  
  83  6:01  Supply Depot  
  84  6:04  SCV x3  
  84  6:05  Marine x5  
  84  6:10  Siege Tank  
  94  6:15  Supply Depot  
  94  6:17  Barracks Reactor  
  94  6:22  Barracks Reactor  
  94  6:23  SCV x3  
  94  6:24  Supply Depot  
  97  6:28  Marine x4  
  97  6:29  Armory  
  101  6:36  Medivac x2  
  101  6:37  SCV x3  
  108  6:42  Refinery x2  
  101  6:58  Marine x3  
  101  6:59  SCV x2, Marine  
  110  7:06  SCV  
  111  7:11  SCV  
  111  7:12  SCV  
  109  7:16  Terran Infantry Weapons Level 2  
  109  7:21  SCV  
  109  7:22  Drilling Claws  
  107  7:23  SCV, Widow Mine  
  107  7:24  SCV  
  107  7:25  Factory  
  111  7:33  Terran Vehicle And Ship Armor Level 1, Command Center, Sensor Tower, Supply Depot  
  111  7:34  SCV  
  111  7:35  SCV  
  111  7:36  SCV  
  114  7:39  Marine  
  66  7:44  Medivac x2, Widow Mine  
  121  7:53  SCV  
  121  7:54  SCV x2  
  121  7:55  Supply Depot  
  121  7:58  Supply Depot x2  
  124  8:06  Widow Mine  
  124  8:07  Barracks x2  
  124  8:08  Barracks  
  124  8:11  Factory Reactor  
  126  8:13  Concussive Shells, Marauder  
  126  8:15  Terran Infantry Armor Level 2  
  126  8:19  Medivac x2  
  130  8:27  Widow Mine  
  130  8:30  SCV x2  
  130  8:31  SCV  
  135  8:35  Marine  
  135  8:36  Marauder, Marine x6  
  144  8:48  Widow Mine  
  144  8:49  Widow Mine x2  
  144  8:50  SCV x3  
  151  8:57  Medivac x2  
  151  8:58  Barracks Tech Lab x3  
  151  9:01  Marine  
  151  9:02  Marauder  
  158  9:03  Marine  
  157  9:11  Widow Mine x3  
  157  9:13  Planetary Fortress  
  163  9:18  Supply Depot, Command Center  
  163  9:19  Supply Depot  
  163  9:20  Marauder x2, Marine x2  
  163  9:24  Marine x4  
  169  9:31  Medivac  
  169  9:32  Ghost Academy  
  169  9:36  Terran Infantry Weapons Level 3  
  171  9:40  Medivac, Widow Mine x2  
  177  9:45  Marine  
  177  9:46  Marauder x2  
  177  9:49  Marine x2  
  181  9:59  Widow Mine  
  170  10:01  SCV x2  
  170  10:02  SCV, Widow Mine x2  
  170  10:03  Marauder, Refinery, Marine  
  170  10:04  Refinery, Marauder, Marine x2  
  170  10:05  Marine  
  182  10:07  Marauder x2  
  184  10:18  Marine  
  184  10:19  Marine x3  
  182  10:21  Marine  
  182  10:22  Marine x2  
  182  10:23  Marine  
  182  10:25  Marauder  
  188  10:29  Marine  
  188  10:30  Marauder x2, Widow Mine x2, Liberator  
  186  10:59  Marauder x4  
  186  11:00  Siege Tank  
  186  11:01  Widow Mine  
  186  11:02  Marine  
  149  11:13  Marine x7  
  149  11:16  Orbital Command  
  149  11:17  Widow Mine  
  140  11:20  Marauder, Marine x2, Liberator x2  
  140  11:21  Planetary Fortress, Marauder x2  
  140  11:22  SCV x3, Widow Mine  
  152  11:30  Marine  
  152  11:31  Marine x6  
  154  11:33  Widow Mine  
  154  11:34  SCV  
  154  11:38  Marine  
  154  11:39  Marauder  
  160  11:41  Marine  
  160  11:42  Marauder x2  
  163  11:48  Marine x2  
  163  11:50  SCV  
  163  11:51  SCV x3  
  169  12:00  Marauder x2, Widow Mine x3  
  179  12:10  Supply Depot x3, Marauder  
  179  12:11  Marauder  
  163  12:18  Marine x2  
  163  12:19  Marine  
  163  12:20  Ghost x2  
  152  12:30  Ghost  
  152  12:31  Ghost  
  156  12:41  Command Center  
  156  12:48  Marine x5  
  156  12:51  SCV x2  
Tags
 
Add a new tag
Caveats
  • Supply blocks, unpowered buildings, or Contaminate may cause inaccurate times.
  • Supply counts are checked every 10 seconds.